 Dungeon Crawl Stone Soup version 0.17-a0-2093-gc772f4b (webtiles) character file.

2842 ololoev the Conjurer (level 9, -1/57 HPs)
             Began as a Demonspawn Fire Elementalist on Oct 16, 2015.
             Splashed by a jelly's acid (9 damage)
             ... on level 7 of the Dungeon.
             The game lasted 00:26:39 (8416 turns).

ololoev the Conjurer (Demonspawn Fire Elementalist) Turns: 8416, Time: 00:26:39

Health: -1/57      AC: -5    Str:  8    XL:     9   Next: 46%
Magic:  4/18       EV: 12    Int: 19    God:
Gold:   424        SH:  0    Dex: 17    Spells: 4 memorised, 7 levels left

rFire  . . .     SeeInvis .     b - +0 spear (flame)
rCold  . . .     Clarity  .     k - +0 leather armour {MR+}
rNeg   + . .     SustAt   .     (no shield)
rPois  .         Gourm    .     (no helmet)
rElec  .         Spirit   .     y - +0 cloak
rCorr  .         Warding  .     j - +1 pair of gloves
rMut   +         Stasis   .     (no boots)
MR     +....                    q - amulet of resist mutation
Stlth  ++........               (no ring)
                                m - ring of positive energy

@: corroded equipment, somewhat resistant to hostile enchantments, unstealthy
A: claws 2, thin skeletal structure 1, powered by pain 1, spiny 2
a: no special abilities


Innate Abilities, Weirdness & Mutations

You have very sharp fingernails.
You have a somewhat thin skeletal structure (Dex +2, Stealth).
You sometimes gain a little power by taking damage.
You are mostly covered in sharp spines.

Inventory:

Hand Weapons
 a - a +3 blowgun
 b - a +0 spear of flaming (weapon)
Missiles
 D - 11 poisoned needles
Armour
 j - a +1 pair of gloves (worn)
 k - a +0 leather armour of magic resistance (worn)
 y - a +0 cloak (worn)
Jewellery
 m - a ring of positive energy (left hand)
 q - an amulet of resist mutation (around neck)
Scrolls
 e - a scroll of amnesia {unknown}
 g - 3 scrolls of magic mapping
 h - 3 scrolls of recharging {unknown}
 r - a scroll of blinking {unknown}
 s - a scroll of enchant weapon {unknown}
 v - a scroll of teleportation {unknown}
 w - 4 scrolls of remove curse
 x - 2 scrolls of immolation {unknown}
 A - a scroll of noise {unknown}
Potions
 d - 4 potions of flight {unknown}
 f - 2 potions of invisibility {unknown}
 i - 2 potions of ambrosia {unknown}
 l - 2 potions of curing
 o - a potion of agility {unknown}
 p - 3 potions of lignification
 t - 4 potions of brilliance {unknown}
 u - 4 potions of might {unknown}
 z - a potion of magic {unknown}
 C - a potion of berserk rage {unknown}
Books
 n - a book of Flames

   Spells                             Type                      Level
   a - Flame Tongue                   Conjuration/Fire             1
   b - Throw Flame                    Conjuration/Fire             2
   c - Conjure Flame                  Conjuration/Fire             3
   d - Inner Flame                    Hexes/Fire                   3
   e - Sticky Flame                   Conjuration/Fire             4
   f - Fireball                       Conjuration/Fire             5
Comestibles
 c - 5 bread rations
 B - a slice of pizza
 E - a chunk of flesh


   Skills:
 - Level 3.2 Armour
 - Level 1.7 Dodging
 - Level 1.7 Stealth
 + Level 6.3 Spellcasting
 * Level 7.7 Conjurations
 * Level 7.3 Fire Magic


You had 7 spell levels left.
You knew the following spells:

 Your Spells              Type           Power        Failure   Level  Hunger
a - Flame Tongue          Conj/Fire      ####.        1%          1    None
b - Conjure Flame         Conj/Fire      ####....     1%          3    ##.....
c - Sticky Flame          Conj/Fire      ####....     10%         4    ####...
d - Fireball              Conj/Fire      ####......   21%         5    #####..


You were on level 7 of the Dungeon.
You were not hungry.

You visited 2 branches of the dungeon, and saw 8 of its levels.
You also visited: Ossuary.

You collected 424 gold pieces.

#........#....#.....#
#........#.##.#.....#
..#.##..............# ...
..........oJ...[.' #...
#......>.......# ##
.###.##.##l####J.. oo
.......lo.....'... o#
.##.###J#######... ..###
......J@........ .....
................
>............... .#
......##.###.##. # ...##.
......#†..+ .. .+ ...'.
....##.##.####+##.## ...#
#...#.<#...........# ...#
.#...#...............
...##..#...##.#...........#

Notes
Turn   | Place    | Note
--------------------------------------------------------------
     0 | D:1      | ololoev the Demonspawn Fire Elementalist began the quest for the Orb.
     0 | D:1      | Reached XP level 1. HP: 13/13 MP: 3/3
   426 | D:1      | Gained mutation: You sometimes gain a little power by taking damage. [demonic ancestry]
   426 | D:1      | Reached XP level 2. HP: 11/19 MP: 1/5
  1284 | D:2      | Gained mutation: You are partially covered in sharp spines. [demonic ancestry]
  1284 | D:2      | Reached XP level 3. HP: 22/24 MP: 3/6
  1560 | D:2      | Reached skill level 3 in Fire Magic
  1840 | D:2      | Reached XP level 4. HP: 30/30 MP: 8/8
  1845 | D:2      | Learned a level 3 spell: Conjure Flame
  1850 | D:2      | Learned a level 4 spell: Sticky Flame
  2213 | D:3      | Found a shattered altar of Ashenzari.
  2254 | D:3      | Noticed Duffy's ghost (weakling DsGl)
  2845 | D:3      | Found a sacrificial altar of Ru.
  3196 | D:3      | Gained mutation: You have sharp fingernails. [demonic ancestry]
  3196 | D:3      | Reached XP level 5. HP: 35/35 MP: 9/9
  3444 | D:4      | Found a sand-covered staircase.
  3461 | Ossuary  | Entered an ossuary
  3804 | Ossuary  | Reached skill level 4 in Fire Magic
  3806 | Ossuary  | Gained mutation: You are mostly covered in sharp spines. [demonic ancestry]
  3806 | Ossuary  | Reached XP level 6. HP: 31/41 MP: 1/11
  4185 | D:4      | Noticed a slave
  4204 | D:4      | Killed a slave
  4258 | D:4      | Found a glowing golden altar of the Shining One.
  4268 | D:4      | Noticed a slave
  4269 | D:4      | Noticed a slave
  4270 | D:4      | Noticed Pikel
  4270 | D:4      | Noticed a slave
  4305 | D:4      | Killed a slave
  4318 | D:4      | Killed a slave
  4324 | D:4      | Killed a slave
  4488 | D:3      | Killed Pikel
  4488 | D:3      | Reached skill level 5 in Fire Magic
  4488 | D:3      | Gained mutation: You have a somewhat thin skeletal structure (Dex +2, Stealth). [demonic ancestry]
  4488 | D:3      | Reached XP level 7. HP: 24/46 MP: 4/14
  4679 | D:4      | Reached skill level 5 in Conjurations
  4753 | D:4      | Reached skill level 5 in Spellcasting
  5139 | D:4      | Reached skill level 1 in Armour
  5545 | D:4      | Reached XP level 8. HP: 50/52 MP: 8/15
  5552 | D:4      | Learned a level 5 spell: Fireball
  5735 | D:5      | Entered Level 5 of the Dungeon
  5875 | D:5      | Found a staircase to the Ecumenical Temple.
  6016 | Temple   | Entered the Ecumenical Temple
  6456 | D:6      | Reached skill level 6 in Conjurations
  7767 | D:7      | Gained mutation: You have very sharp fingernails. [demonic ancestry]
  7767 | D:7      | Reached XP level 9. HP: 43/57 MP: 17/17
  7901 | D:7      | Noticed Menkaure
  7905 | D:7      | Killed Menkaure
  7905 | D:7      | Reached skill level 7 in Conjurations
  8416 | D:7      | Splashed by a jelly's acid

Dungeon Overview and Level Annotations

Branches:
Dungeon (7/15)             Temple (1/1) D:5

Altars:
Ashenzari
Cheibriados
Elyvilon
Fedhas
Gozag
Kikubaaqudgha
Nemelex Xobeh
Okawaru
Ru
Sif Muna
Trog
Xom
Yredelemnul
Zin
The Shining One

Annotations:
D:3 Duffy's ghost, weakling DsGl


Message History

You hit the orc warrior but do no damage.
The orc warrior is severely wounded.
Attack whom?
Press: ? - help, Dir - move target cursor, f/p - orc warrior
Aim: an orc warrior, wielding a scimitar and wearing a chain mail (severely wounded)
You reach to attack!
You hit the orc warrior but do no damage.
The orc warrior is severely wounded.
Attack whom?
Press: ? - help, Dir - move target cursor, f - jelly, p - orc warrior
Aim: a jelly You reach to attack!
You hit the jelly. You burn the jelly.
Your hands burn!
The jelly is lightly wounded.
Attack whom?
Press: ? - help, Dir - move target cursor, f/p - jelly
Aim: a jelly (lightly wounded)
You hit the jelly. You burn the jelly.
Your hands burn!
The jelly is lightly wounded.
The jelly closely misses you.
Attack whom?
Press: ? - help, Dir - move target cursor, f/p - jelly
Aim: a jelly (lightly wounded)
You hit the jelly. You burn the jelly. The acid corrodes you!
Your hands burn!
The jelly is moderately wounded.
The jelly is struck by your spines. The jelly closely misses you.
You hear a distant slurping noise.
Unknown command.
You hit the jelly. You burn the jelly.
Your hands burn!
The jelly is heavily wounded.
The jelly hits you.
You are splashed with acid!
The acid burns!
The jelly is engulfed in roaring flames.
The jelly barely misses you.
Unknown command.
You hit the jelly but do no damage. The acid corrodes you!
Your hands burn!
The jelly is heavily wounded.
The jelly is struck by your spines. The jelly barely misses you.
The jelly is engulfed in roaring flames.
The jelly hits you.
You are splashed with acid!
The acid corrodes you!
The acid burns!
You die...

You could see an orc warrior, 2 jellies and a giant gecko.

Vanquished Creatures
  Pikel (D:3)
  A hippogriff (D:7)
  Menkaure (D:7)
  An ice beast (D:7)
  4 slaves (D:4)
  A phantom (D:4)
  3 ogres
  2 centaurs
  A big kobold (D:7)
  4 scorpions
  2 crimson imps
  9 jellies
  A giant frog zombie (D:7)
  4 hounds
  5 orc priests
  A human zombie (Ossuary)
  A centaur zombie (Ossuary)
  3 orc wizards
  An iguana (D:6)
  2 worker ants
  2 mummies (Ossuary)
  4 gnolls (D:2)
  14 adders
  A shadow imp (D:5)
  2 oozes
  An adder zombie (Ossuary)
  3 worms
  7 giant geckos
  18 orcs
  A ball python (D:3)
  8 giant cockroaches
  4 hobgoblins
  8 jackals
  3 quokkas
  6 bats
  A giant cockroach zombie (D:6)
  7 giant newts
  10 goblins
  4 goblin zombies (Ossuary)
  4 hobgoblin zombies (Ossuary)
  3 jackal zombies (Ossuary)
  13 kobolds
  12 kobold zombies (Ossuary)
  11 orc zombies (Ossuary)
  10 rats
205 creatures vanquished.

Action                   |  1- 3 |  4- 6 |  7- 9 || total
-------------------------+-------+-------+-------++-------
Melee: Dagger            |    41 |    72 |       ||   113
       Spear             |       |   133 |   129 ||   262
 Fire: Blowgun           |       |       |     4 ||     4
 Cast: Flame Tongue      |    28 |    27 |    56 ||   111
       Conjure Flame     |       |    14 |    10 ||    24
       Sticky Flame      |       |       |    12 ||    12
       Fireball          |       |       |     2 ||     2
  Use: Scroll            |       |     5 |     1 ||     6
       Potion            |       |     2 |       ||     2
 Stab: Sleeping          |     6 |     5 |     4 ||    15
       Distracted        |     1 |       |     2 ||     3
  Eat: Chunk             |     3 |     1 |     9 ||    13
       Meat ration       |       |     2 |     1 ||     3

Vault maps used:
D:1:      lightli_iron_boxes
D:2:      first_bread
D:3:      kennysheep_six_static_rooms, ashenzari_altar_1,
          nicolae_overflow_hidden_temple, solitary_fountain, fountainhead
D:4:      kennysheep_mini, enter_ossuary_1, kennysheep_generic_room_9,
          uniq_pikel
D:5:      temple_green, serial_glass, glass_columns_a, glass_columns_a,
          minmay_misc_feat_diagonals
D:7:      uniq_menkaure
Temple:   minmay_freezing_vapour_temple_12
Ossuary:  ossuary_tomb_1
